AoeStats
← Ts1ba

Arabia

510766846Analyzed
2v2 RM · 19h ago on Oct 2, 2026· 55m 42s· 4 players
Game mode
Random Map
Map size
Medium (4 player)
Population
200
Speed
Normal
Resources
Standard
Victory
Conquest
Starting age
Dark Age
Ending age
Imperial Age
RankedLock teamsTeams togetherTeam positionsShared explorationLock speedFull tech treeHidden civsTurbo modeCheats
Victory
Defeat
🇬🇪 Goths · Georgia
1023
+15
🇷🇺 Poles · Russia
1011
+15
🇮🇳 Persians · India
1019
-16
🇴🇲 Mongols · Oman
980
-14
The_Fizz
6:52 Loom
8:46 Feudal Age
9:55 Double-Bit Axe
10:14 Man-at-Arms
16:33 Forging
16:10 Arson
16:32 Horse Collar
22:49 Castle Age
21:55 Bloodlines
28:54 Scale Barding Armor
31:44 Chain Barding Armor
32:39 Iron Casting
41:06 Imperial Age
43:08 Blast Furnace
41:35 Heavy Camel Rider
43:16 Wheelbarrow
42:27 Town Watch
46:52 Light Cavalry
47:33 Husbandry
47:27 Fletching
47:38 Padded Archer Armor
49:34 Siege Engineers
49:27 Murder Holes
51:52 Heavy Scorpion
P A T S H A
6:52 Loom
8:55 Feudal Age
9:55 Double-Bit Axe
12:32 Padded Archer Armor
13:00 Fletching
14:01 Forging
25:51 Castle Age
36:08 Bow Saw
38:28 Scale Barding Armor
42:47 Kamandaran
43:00 Bloodlines
43:26 Crossbowman
45:27 Thumb Ring
45:19 Bodkin Arrow
48:02 Leather Archer Armor
48:23 Iron Casting
49:11 Wheelbarrow
48:21 Town Watch
52:06 Ballistics
76561199137489861
8:42 Loom
11:30 Feudal Age
12:15 Double-Bit Axe
12:32 Man-at-Arms
18:46 Fletching
24:57 Castle Age
23:14 Gold Mining
25:20 Bloodlines
25:29 Horse Collar
26:39 Husbandry
27:01 Crossbowman
29:17 Bodkin Arrow
29:51 Stone Mining
32:05 Scale Barding Armor
33:32 Heavy Plow
34:21 Chain Barding Armor
35:11 Szlachta Privileges
36:05 Forging
36:48 Town Watch
37:38 Wheelbarrow
39:39 Iron Casting
39:05 Padded Archer Armor
39:21 Bow Saw
39:32 Hand Cart
43:46 Imperial Age
41:39 Scale Mail Armor
42:41 Thumb Ring
43:31 Husbandry
43:57 Cavalier
45:39 Conscription
46:12 Ballistics
46:52 Chemistry
46:02 Arbalester
49:06 Blast Furnace
48:22 Chain Mail Armor
48:08 Bracer
51:30 Arson
51:06 Pikeman
51:46 Squires
52:51 Caravan
53:59 Light Cavalry
Ts1ba
10:16 Feudal Age
10:26 Man-at-Arms
26:55 Horse Collar
27:03 Double-Bit Axe
34:00 Castle Age
33:59 Forging
33:51 Scale Mail Armor
33:53 Padded Archer Armor
Connection lost

Rejoining the realm…

Still unreachable

The connection could not be restored.

Session expired

The server has moved on; the page needs a fresh start.